 Dungeon Sprint DCSS version 0.31.0-11-ge490571c62 (webtiles) character file.

Game seed: 15288083380704698751

11219 boopmooplesden the Peltast (level 11, -3/159 HPs)
             Began as an Armataur Fighter on Feb 8, 2024.
             Was the Champion of Trog.
             Slain by an iron golem (10 damage)
             ... in the Dungeon (Sprint V: "Ziggurat Sprint").
             The game lasted 00:04:15 (843 turns).

boopmooplesden the Peltast (Armataur Fighter)        Turns: 843, Time: 00:04:15

Health: -3/159     AC: 34    Str: 22    XL:     11   Next: 46%
Magic:  20/20      EV:  0    Int:  9    God:    Trog [******]
Gold:   0          SH: 31    Dex: 11    Spells: 10/10 levels left

rFire   + + +        b - +11 Screaming Sword {sonic wave}
rCold   + + .        D - +18 shield of the Gong {Loud rN+ Will+ rCorr EV-5}
rNeg    + . .        C - +15 Maxwell's patent armour {-Cast -Tele rElec Will+ rCorr}
rPois   +            (no helmet)
rElec   +            c - +1 cloak {rCorr}
rCorr   +            N - +0 pair of gloves of Netzajy {Regen+}
SInv    .            (no barding)
Will    +++..        M - amulet "Tishruhokk" {RegenMP Will+ MP+9} Stlth
                     I - ring "Paireunu" {rPois rF+++ Will- rCorr Str-2}
HPRegen 2.56/turn    K - ring of Faur Pya {rElec rF+ rC++ Will+ Stlth+}
MPRegen 1.23/turn

%: no teleportation, no spellcasting, roll
@: berserking, very quick
A: large, deformed body, tough skin 3, armoured tail, roll 2
a: Renounce Religion, Berserk, Trog's Hand, Brothers in Arms


You were in the Dungeon.
You worshipped Trog.
Trog was exalted by your worship.
You visited 1 branch

Inventory:

Hand Weapons
 a - a +0 long sword
 b - the +11 Screaming Sword (weapon) {sonic wave}
   (You found it in the Dungeon)
 J - the +7 great mace "Undeadhunter" {deathbane, rN+}
   (You found it in the Dungeon)

   rN+:       It protects you from negative energy.
Armour
 c - a +1 cloak of preservation (worn)
 C - the +15 Maxwell's patent armour (worn) {-Cast -Tele rElec Will+ rCorr}
   (You found it in the Dungeon)

   rElec:     It insulates you from electricity.
   Will+:     It increases your willpower.
   -Cast:     It prevents spellcasting.
   -Tele:     It prevents most forms of teleportation.
   rCorr:     It protects you from acid and corrosion.
 D - the +18 shield of the Gong (worn) {Loud rN+ Will+ rCorr EV-5}
   (You found it in the Dungeon)

   Loud:      It is deafeningly noisy when blocking attacks.
   EV-5:      It affects your evasion (-5).
   rN+:       It protects you from negative energy.
   Will+:     It increases your willpower.
   rCorr:     It protects you from acid and corrosion.
 N - the +0 pair of gloves of Netzajy (worn) {Regen+}
   (You found it in the Dungeon)

   Regen+:    It increases your rate of health regeneration.
Jewellery
 v - a ring of flight
 w - a +6 ring of dexterity
 x - a +6 ring of dexterity
 y - a +6 ring of intelligence
 z - a +6 ring of intelligence
 A - a +6 ring of strength
 B - a +6 ring of strength
 G - a ring of poison resistance
 I - the ring "Paireunu" (left hand) {rPois rF+++ Will- rCorr Str-2}
   (You found it in the Dungeon)

   [ring of resist corrosion]

   Str-2:     It affects your strength (-2).
   rF+++:     It renders you almost immune to fire.
   rPois:     It protects you from poison Will-: It decreases your willpower.
   rCorr:     It protects you from acid and corrosion.
 K - the ring of Faur Pya (right hand) {rElec rF+ rC++ Will+ Stlth+}
   (You found it in the Dungeon)

   [ring of willpower]

   rF+:       It protects you from fire.
   rC++:      It greatly protects you from cold.
   rElec:     It insulates you from electricity.
   Will+:     It increases your willpower.
   Stlth+:    It makes you more stealthy.
 M - the amulet "Tishruhokk" (around neck) {RegenMP Will+ MP+9}
   (You found it in the Dungeon)

   [amulet of magic regeneration]

   RegenMP:   It increases your rate of magic regeneration.
   Will+:     It increases your willpower.
   MP+9:      It affects your magic capacity (+9).
Talismans
 E - a storm talisman
Wands
 s - a wand of mindburst (7)
 t - a wand of iceblast (12)
 u - a wand of quicksilver (12)
 F - a wand of digging (11)
 L - a wand of polymorph (7)
 O - a wand of flame (10)
 Q - a wand of paralysis (5)
Scrolls
 j - 4 scrolls of blinking
 o - 4 scrolls of amnesia
 p - 7 scrolls of fog
 q - 5 scrolls of identify
 r - 2 scrolls of fear
 H - 4 scrolls of enchant armour
 P - a scroll of brand weapon
Potions
 d - 6 potions of might
 e - 9 potions of curing
 f - 10 potions of heal wounds
 g - 6 potions of haste
 h - 7 potions of magic
 i - 3 potions of berserk rage
 k - 2 potions of brilliance
 l - 2 potions of invisibility
 m - 4 potions of resistance
 n - a potion of experience


   Skills:
 + Level 12.8 Fighting
 + Level 14.6 Long Blades
 + Level 16.2 Armour
 + Level 2.0 Dodging
 + Level 16.6 Shields


You had 10 spell levels left.
You didn't know any spells.
Your spell library was empty.

Dungeon Overview and Level Annotations

Branches:
Dungeon (1/1)

Altars:
Ashenzari
Cheibriados
Dithmenos
Elyvilon
Fedhas
Gozag
Hepliaklqana
Kikubaaqudgha
Makhleb
Nemelex Xobeh
Okawaru
Qazlal
Ru
Sif Muna
Trog
Uskayaw
Vehumet
Wu Jian
Xom
Yredelemnul
Zin
The Shining One
Jiyva
Lugonu

Annotations:
D 1 transporter


Innate Abilities, Weirdness & Mutations

Armour fits poorly on your strangely shaped body.
You have extremely tough skin. (AC +3)
You have a long armoured tail.
You regenerate magic and health when rolling toward enemies. (Rampage Regen)


Message History

You send a blast of sound all around you.
The iron golem is heavily damaged. x4
The iron golem hits you! You block the iron golem's attack.
GONNNNG!
You block the iron golem's attack.
GONNNNG!
You block the iron golem's attack.
GONNNNG!
You hit the iron golem.
The Screaming Sword screams, "I AM THE BRINGER OF WAR!"
You send a blast of sound all around you.
The iron golem is heavily damaged. x2
You tail-slap the iron golem!
The iron golem is heavily damaged.
The iron golem hits you.
The iron golem hits you but does no damage.
You slice the iron golem!!
The iron golem is severely damaged.
You block the iron golem's attack.
PANG!
The iron golem hits you but does no damage.
You block the iron golem's attack.
PTOANNNG!
The iron golem hits you!!
You slash the iron golem!
Your tail-slap misses the iron golem.
The iron golem is heavily damaged.
You block the iron golem's attack.
GONNNNG!
You block the iron golem's attack.
GONNNNG!
You block the iron golem's attack.
BONNNG!
The iron golem hits you!!
* * * LOW HITPOINT WARNING * * *
The iron golem hits you!!
* * * LOW HITPOINT WARNING * * *
The iron golem hits you but does no damage.
The iron golem attacks as it pursues you!
The iron golem hits you!
You die...

▓▓▓▓▓▓▓▓▓▓▓▓▓▓▓▓▓▓▓▓▓
▓...8©8...▓...8©8...▓
▓..:/=)[..▓..)):.)..▓
▓..[)[[)..▓.....:)..▓
▓.........▓....[....▓
▓.........▓.....†...▓
▓..99†)...▓.........▓
▓...)9....▓....)....▓
▓....@....▓.▓.....▓.▓
▓.▓.....▓.▓....©....▓
▓....©....▓▓▓▓▓▓▓▓▓▓▓
▓▓▓▓▓▓▓▓▓▓▓


You could see 3 iron golems.

Vanquished Creatures
  An iron dragon (D)
  A deep elf elementalist (D)
  A stone giant (D)
  A crystal guardian (D)
  4 dancing weapons (D)
  A deep elf zephyrmancer (D)
  2 ugly things (D)
  2 eyes of devastation (D)
  A gargoyle (D)
  4 rime drakes (D)
  A guardian mummy (D)
  A spriggan (D)
  An air elemental (D)
  An ushabti (D)
  A wyvern (D)
  A fire elemental (D)
  A steam dragon (D)
  2 acid dragons (D)
  A naga (D)
  4 hell hounds (D)
  A swamp drake (D)
  A black bear (D)
  A centaur (shapeshifter) (D)
  2 wolves (D)
  3 earth elementals (D)
  4 jellies (D)
  2 orc wizards (D)
  6 mummies (D)
  A shadow imp (D)
  An adder skeleton (D)
  An adder simulacrum (D)
  2 orcs (D)
  A ball python (D)
  2 ball python zombies (D)
  A giant cockroach zombie (D)
61 creatures vanquished.

Notes
Turn   | Place    | Note
-------+----------+-------------------------------------------
     0 | D        | boopmooplesden the Armataur Fighter began the quest for the
                  | Orb.
     0 | D        | Reached XP level 1. HP: 18/18 MP: 1/1
     0 | D        | Found a shimmering blue altar of Sif Muna.
     0 | D        | Found a bloodstained altar of Trog.
     0 | D        | Found a sacrificial altar of Ru.
     0 | D        | Found a stormy altar of Qazlal.
     0 | D        | Found an iron altar of Okawaru.
     1 | D        | Found a sparkling altar of Nemelex Xobeh.
     1 | D        | Found a blossoming altar of Fedhas.
     1 | D        | Found the +6 Majin-Bo {spellvamp, MP+6 Int+6}
     1 | D        | Found the +27 heavy crossbow "Sniper" {heavy, Acc+∞ SInv}
     1 | D        | Found the +10 dark maul {heavy}
     1 | D        | Found the +15 Maxwell's patent armour {-Cast -Tele rElec
                  | Will+ rCorr}
     1 | D        | Found the +18 shield of the Gong {Loud rN+ Will+ rCorr
                  | EV-5}
     1 | D        | Found the +16 obsidian axe {drain, demonic, Mesm ^Drain Fly
                  | SInv}
     1 | D        | Found the +7 great mace "Firestarter" {flame, immolate,
                  | rFlCloud rF++}
     1 | D        | Found the +6 shillelagh "Devastator" {shatter}
     1 | D        | Found the +11 plutonium sword {^Contam Stlth-}
     1 | D        | Found the +8 lance "Wyrmbane" {slay drac, rPois rF+ rC+
                  | AC+3}
     1 | D        | Found the +9 sword of Zonguldrok {reap}
     1 | D        | Found the +13 scythe of Curses {drain, curses, ^Drain}
     1 | D        | Found the +9 sword of Power {lifebolt}
     1 | D        | Found the +7 mace of Variability {chaos, chaos arc}
     1 | D        | Found the +11 Singing Sword {sonic wave}
     1 | D        | Found the +8 storm bow {elec, penet}
     3 | D        | Found a transporter.
     3 | D        | Found an ancient bone altar of Kikubaaqudgha.
     3 | D        | Found a viscous altar of Jiyva.
     3 | D        | Found a corrupted altar of Lugonu.
     3 | D        | Found a hazy altar of Hepliaklqana.
     3 | D        | Found a burning altar of Makhleb.
     3 | D        | Found an opulent altar of Gozag.
    62 | D        | Became a worshipper of Trog the Wrathful
    84 | D        | Entered arena 2.
    84 | D        | Noticed a naga
    84 | D        | Found a transporter.
    87 | D        | Killed a naga
    88 | D        | Reached skill level 5 in Fighting
    88 | D        | Reached XP level 2. HP: 29/29 MP: 2/2
    88 | D        | Reached XP level 3. HP: 36/36 MP: 3/3
    88 | D        | Reached XP level 4. HP: 42/42 MP: 4/4
   102 | D        | Entered arena 3.
   102 | D        | Noticed a purple ugly thing
   102 | D        | Noticed a red ugly thing
   102 | D        | Noticed a centaur
   102 | D        | Found a transporter.
   105 | D        | Killed a centaur
   105 | D        | Reached * piety under Trog
   106 | D        | Reached XP level 5. HP: 50/50 MP: 5/5
   111 | D        | Killed a brown ugly thing
   112 | D        | Reached skill level 5 in Long Blades
   112 | D        | Reached skill level 10 in Armour
   112 | D        | Reached XP level 6. HP: 60/61 MP: 6/6
   112 | D        | Gained mutation: You regenerate magic and health when
                  | rolling toward enemies. (Rampage Regen) [Armataur growth]
   112 | D        | Reached XP level 7. HP: 67/68 MP: 7/7
   115 | D        | Killed a purple ugly thing
   116 | D        | Reached skill level 10 in Shields
   179 | D        | Entered arena 4.
   179 | D        | Noticed a spriggan
   179 | D        | Found a transporter.
   181 | D        | Reached ** piety under Trog
   182 | D        | Reached XP level 8. HP: 78/78 MP: 8/8
   191 | D        | Entered arena 5.
   191 | D        | Found a transporter.
   193 | D        | Reached *** piety under Trog
   194 | D        | Reached **** piety under Trog
   202 | D        | Entered arena 6.
   202 | D        | Found a transporter.
   211 | D        | Reached ***** piety under Trog
   221 | D        | Got the ring "Paireunu" {rPois rF+++ Will- rCorr Str-2}
   329 | D        | Entered arena 7.
   329 | D        | Found the +7 great mace "Undeadhunter" {deathbane, rN+}
   329 | D        | Noticed an eye of devastation
   329 | D        | Noticed an eye of devastation
   330 | D        | Found a transporter.
   335 | D        | Killed an eye of devastation
   336 | D        | Reached skill level 10 in Fighting
   337 | D        | Killed an eye of devastation
   338 | D        | Reached XP level 9. HP: 22/86 MP: 9/9
   513 | D        | Entered arena 8.
   513 | D        | Noticed a guardian mummy
   514 | D        | Found a transporter.
   518 | D        | Received a gift from Trog
   519 | D        | Killed a guardian mummy
   523 | D        | Reached skill level 10 in Long Blades
   526 | D        | Got the ring of Faur Pya {rElec rF+ rC++ Will+ Stlth+}
   623 | D        | Entered arena 9.
   624 | D        | Found a transporter.
   629 | D        | Received a gift from Trog
   632 | D        | Reached ****** piety under Trog
   649 | D        | Got the amulet "Tishruhokk" {RegenMP Will+ MP+9}
   668 | D        | Entered arena 10.
   668 | D        | Found the +8 frozen axe "Frostbite" {freeze, freezing
                  | cloud, *Noise Fly rC+}
   668 | D        | Noticed a +5 hand axe of flaming
   668 | D        | Noticed a +3 vampiric halberd
   668 | D        | Noticed a +1 halberd of freezing
   668 | D        | Noticed a deep elf elementalist
   668 | D        | Noticed a deep elf zephyrmancer
   668 | D        | Noticed a +4 long sword of flaming
   669 | D        | Found a transporter.
   669 | D        | Paralysed by an air elemental for 1 turns
   671 | D        | Killed a +4 long sword of flaming
   675 | D        | Killed a deep elf elementalist
   675 | D        | Received a gift from Trog
   676 | D        | Reached XP level 10. HP: 96/96 MP: 10/10
   676 | D        | Killed a +5 hand axe of flaming
   676 | D        | Killed a deep elf zephyrmancer
   677 | D        | Reached skill level 1 in Dodging
   682 | D        | Killed a +3 vampiric halberd
   683 | D        | Reached skill level 15 in Armour
   687 | D        | Killed a +1 halberd of freezing
   722 | D        | Got the +0 pair of gloves of Netzajy {Regen+}
   767 | D        | Entered arena 11.
   768 | D        | Found a transporter.
   772 | D        | Received a gift from Trog
   773 | D        | Reached skill level 15 in Shields
   773 | D        | Reached XP level 11. HP: 104/104 MP: 11/11
   822 | D        | Entered arena 12.
   822 | D        | Noticed an iron golem
   822 | D        | Noticed a crystal guardian
   823 | D        | Noticed a stone giant
   823 | D        | Noticed an iron golem
   823 | D        | Noticed an iron golem
   823 | D        | Noticed an iron dragon
   823 | D        | Found a transporter.
   833 | D        | Killed a stone giant
   833 | D        | Killed an iron dragon
   833 | D        | Received a gift from Trog
   833 | D        | Killed a crystal guardian
   842 | D        | HP: 5/159 [iron golem (20)]
   843 | D        | Slain by an iron golem

Illustrated notes

Levels and vault maps discovered:
D:        sprint_v [room_start, room_1, room_2, room_3, room_4, room_5, room_6,
          room_7, room_8, room_9, room_10, room_11, room_12, room_13, room_14,
          room_15, room_16, room_17, room_18, room_19, room_20, room_21,
          room_22, room_23, room_24, room_25, room_26, room_27]

Skill      XL: |  1  2  3  4  5  6  7  8  9 10 11 |
---------------+----------------------------------+-----
Fighting       | 5 6 8 9 10 11 12 | 12.8
Long Blades    | 3 5 7 9 12 13 14 | 14.6
Armour         | 7 8 10 12 13 14 15 16 | 16.2
Shields        | 6 7 9 10 11 13 15 16 | 16.6
Dodging        | 1 2 |  2.0

Action                     |  1- 3 |  4- 6 |  7- 9 | 10-12 || total
---------------------------+-------+-------+-------+-------++-------
  Melee: Double sword      |     2 |     7 |    48 |    28 ||    85
         Tailslap          |       |     1 |    11 |     4 ||    16
 Invoke: Berserk           |       |     1 |     3 |     2 ||     6
    Use: Potion            |     1 |       |       |       ||     1
 Armour: Plate armour      |     1 |     7 |    40 |    27 ||    75
  Dodge: Dodged            |       |       |     1 |       ||     1
  Block: Kite shield       |     1 |    10 |    55 |    45 ||   111
